 Dungeon Crawl Stone Soup version 0.19.0-19-g8c6edcc (webtiles) character file.

19886 shmeve the Fighter (level 12, -5/172 HPs)
             Began as a Minotaur Berserker on Nov 12, 2016.
             Was the Champion of Trog.
             Slain by a death yak (14 damage)
             ... on level 6 of the Lair of Beasts.
             The game lasted 00:21:02 (10964 turns).

shmeve the Fighter (Minotaur Berserker)            Turns: 10964, Time: 00:21:03

Health: -5/172     AC: 17    Str: 32    XL:     12   Next: 40%
Magic:  11/11      EV: 17    Int:  4    God:    Trog [******]
Gold:   927        SH:  0    Dex: 18    Spells: 0 memorised, 11 levels left

rFire  . . .     SeeInvis +     G - +7 hand axe "Guwk" {pain, *Drain rPois rN+ Dex+8}
rCold  . . .     Gourm    .     t - +0 plate armour
rNeg   + . .     Faith    +     (no shield)
rPois  +         Spirit   .     (helmet restricted)
rElec  .         Reflect  .     (no cloak)
rCorr  .         Harm     .     r - +0 pair of gloves
MR     .....                    a - +0 pair of boots
Stlth  ..........               v - amulet of faith
                                L - ring of see invisible
                                n - +3 ring of evasion

@: berserking (expiring), very quick
A: retaliatory headbutt, horns 2
a: Berserk, Trog's Hand, Brothers in Arms, Burn Spellbooks, Renounce Religion


You were on level 6 of the Lair of Beasts.
You worshipped Trog.
Trog was exalted by your worship.
You were hungry.

You visited 2 branches of the dungeon, and saw 16 of its levels.

You collected 927 gold pieces.

Inventory:

Hand Weapons
 G - the +7 hand axe "Guwk" (weapon) {pain, *Drain rPois rN+ Dex+8}
   (You found it on level 7 of the Dungeon)

   In the hands of one skilled in necromantic magic, it inflicts extra damage on
   living creatures.
   It affects your dexterity (+8).
   It protects you from poison.
   It protects you from negative energy.
   It causes draining when unequipped.
Missiles
 o - 11 javelins (quivered)
 I - 7 silver javelins
 P - 4 poisoned javelins
 Q - 6 javelins of penetration
Armour
 a - a +0 pair of boots (worn)
 r - a +0 pair of gloves (worn)
 t - a +0 plate armour (worn)
Jewellery
 n - a +3 ring of evasion (left hand)
 v - an amulet of faith (around neck)
 L - a ring of see invisible (right hand)
 Y - an uncursed ring of positive energy {unknown}
Wands
 M - a wand of heal wounds (3/9)
 R - a wand of disintegration (3/24)
 V - a wand of heal wounds (2/9)
Scrolls
 d - 12 scrolls of remove curse
 e - 3 scrolls of teleportation {unknown}
 f - 3 scrolls of recharging {unknown}
 j - 11 scrolls of identify {unknown}
 k - 4 scrolls of immolation {unknown}
 l - 6 scrolls of amnesia {unknown}
 p - 2 scrolls of random uselessness {unknown}
 s - 3 scrolls of noise {unknown}
 u - 3 scrolls of magic mapping {unknown}
 x - 3 scrolls of enchant weapon {unknown}
 y - a scroll of fear {unknown}
 H - 7 scrolls of blinking {unknown}
 K - 2 scrolls of fog {unknown}
 N - 2 scrolls of enchant armour {unknown}
 O - a scroll of silence {unknown}
 U - a scroll of vulnerability {unknown}
Potions
 b - 6 potions of brilliance {unknown}
 h - 2 potions of agility {unknown}
 i - a potion of ambrosia {unknown}
 m - 7 potions of curing {unknown}
 w - 2 potions of flight {unknown}
 z - 2 potions of resistance {unknown}
 B - 2 potions of might {unknown}
 C - 2 potions of heal wounds
 D - a potion of degeneration {unknown}
 F - a potion of cure mutation {unknown}
 S - 2 potions of haste {unknown}
 X - a potion of invisibility {unknown}
Books
 W - a book of Cantrips

   Spells                             Type                      Level
   a - Confusing Touch                Hexes                        1
   b - Animate Skeleton               Necromancy                   1
   c - Summon Small Mammal            Summoning                    1
   d - Apportation                    Translocation                1
   Trog disapproves of the use of such an item.
Comestibles
 c - 9 bread rations
 g - 9 fruits
 q - 5 meat rations
 A - 4 beef jerkies
 E - 18 royal jellies
 J - 2 slices of pizza
 T - 2 chunks of flesh


   Skills:
 * Level 13.6 Fighting
 * Level 13.1 Axes
 + Level 7.9 Throwing
 + Level 9.7 Armour
 + Level 8.9 Dodging


You had 11 spell levels left.
You didn't know any spells.

Dungeon Overview and Level Annotations

Branches:
Dungeon (10/15)            Temple (0/1) D:4            Lair (6/6) D:10
  Swamp (0/4) Lair:4        Snake (0/4) Lair:2        Slime (0/5) Lair:6
    Orc: D:9-12

Altars:
Cheibriados
Hepliaklqana
Kikubaaqudgha
Okawaru
Uskayaw
Xom
Yredelemnul
Zin
Jiyva

Annotations:
Lair:6 1 runed door


Innate Abilities, Weirdness & Mutations

You reflexively headbutt those who attack you in melee.
You have a pair of horns on your head.


Message History

* * * LOW HITPOINT WARNING * * *
The death yak gores you!!
* * * LOW HITPOINT WARNING * * *
The death yak gores you.
* * * LOW HITPOINT WARNING * * *
The death yak gores you.
* * * LOW HITPOINT WARNING * * *
Things that are here:
a short sword; a death yak corpse You slash the death yak!
The death yak is moderately wounded.
You hit the death yak. You barely miss the death yak. You hit the death yak. x2
The death yak closely misses you.
Your plate armour prevents you from hitting the death yak.
You headbutt the death yak!
The death yak is moderately wounded.
Your plate armour prevents you from hitting the death yak.
You barely miss the death yak. You slash the death yak! x2
The death yak gores you!
You die...

..... #..........#.
#...........#
#...........#
#...........#####
#..........P.##.##
#.............#..###
#......YY†.......#.###
#.....Y@..(..P..P....#
##.....YY.P.#.PP.....###
##.......###P###.#.....
#.....### ### ######..
#....## ### ####. ## .#
#. ## ## ##


You could see 5 death yaks.

Vanquished Creatures
  Erolcha (D:10)
  3 hydras
  A death yak (Lair:6)
  Urug (D:10)
  The ghost of Nachomamma0 the Cleaver, a novice HOFi of Beogh (D:6)
  Pikel (D:4)
  A hill giant (D:10)
  A cyclops (D:10)
  4 spiny frogs
  2 black mambas
  A rime drake (Lair:5)
  2 komodo dragons
  A queen bee (Lair:3)
  A troll (D:10)
  A polar bear (Lair:3)
  3 hippogriffs
  Sigmund (D:5)
  Eustachio (D:6)
  5 wyverns
  10 yaks
  Grum (D:8)
  A basilisk (Lair:6)
  3 swamp worms (Lair:4)
  3 water moccasins
  5 porcupines
  2 sky beasts
  3 slaves (D:4)
  2 black bears
  An ice beast (D:8)
  2 necrophages
  3 orc warriors (D:8)
  2 phantoms
  7 wolves
  4 centaurs
  7 crocodiles
  5 ogres
  7 bullfrogs
  A water moccasin zombie (D:8)
  A scorpion (D:5)
  25 killer bees (Lair:3)
  3 howler monkeys (D:9)
  6 wights
  An electric eel (Lair:4)
  2 bullfrog zombies (D:5)
  2 centaur zombies
  6 crimson imps
  7 orc priests
  3 hounds
  3 jellies
  10 orc wizards
  An iron imp (D:8)
  6 iguanas
  7 worker ants
  A hell rat (Lair:5)
  A killer bee zombie (D:10)
  A howler monkey zombie (D:5)
  8 adders
  2 shadow imps
  A worm (D:5)
  4 dart slugs
  7 leopard geckos
  36 orcs
  5 bats
  5 giant cockroaches
  8 goblins
  5 hobgoblins
  12 jackals
  4 quokkas
  2 frilled lizards
  2 gnoll zombies (D:9)
  A jackal zombie (D:6)
  5 kobolds
  A quokka zombie (D:7)
  9 rats
304 creatures vanquished.

Vanquished Creatures (others)
  A fungus (Lair:3)
  A plant (Lair:2)
2 creatures vanquished.

Grand Total: 306 creatures vanquished

Notes
Turn   | Place    | Note
-------+----------+-------------------------------------------
     0 | D:1      | shmeve the Minotaur Berserker began the quest for the Orb.
     0 | D:1      | Reached XP level 1. HP: 19/19 MP: 0/0
   319 | D:1      | Reached XP level 2. HP: 18/27 MP: 1/1
   479 | D:1      | Reached XP level 3. HP: 23/33 MP: 2/2
  1084 | D:2      | Reached ** piety under Trog
  1782 | D:3      | Found a faded altar of an unknown god.
  1811 | D:3      | Found a shimmering altar of Xom.
  1833 | D:3      | Reached skill level 1 in Throwing
  1833 | D:3      | Reached XP level 4. HP: 33/41 MP: 3/3
  1927 | D:3      | Noticed an ogre
  1934 | D:3      | Killed an ogre
  1934 | D:3      | Reached skill level 5 in Fighting
  1934 | D:3      | Reached XP level 5. HP: 47/48 MP: 4/4
  2302 | D:3      | Found a hide-covered altar of Uskayaw.
  2304 | D:3      | Noticed a hand axe
  2304 | D:3      | Noticed a dagger
  2434 | D:4      | Reached skill level 5 in Axes
  2498 | D:4      | Got a warped ring mail
  2515 | D:4      | Identified the cursed +0 ring mail of Volany {Str+2 Dex+4} (You found it on level 4 of the Dungeon)
  2540 | D:4      | Noticed a slave
  2541 | D:4      | Noticed a slave
  2542 | D:4      | Noticed Pikel
  2542 | D:4      | Noticed a slave
  2547 | D:4      | Noticed a slave
  2560 | D:4      | Killed Pikel
  2560 | D:4      | Reached XP level 6. HP: 58/58 MP: 5/5
  2560 | D:4      | Reached XP level 7. HP: 64/64 MP: 6/6
  2597 | D:4      | Found a staircase to the Ecumenical Temple.
  2696 | D:4      | Reached *** piety under Trog
  3150 | D:5      | Entered Level 5 of the Dungeon
  3156 | D:5      | Noticed Sigmund
  3175 | D:5      | Killed Sigmund
  3175 | D:5      | Reached XP level 8. HP: 59/73 MP: 7/7
  3332 | D:5      | Reached skill level 5 in Armour
  3349 | D:5      | Found an ancient bone altar of Kikubaaqudgha.
  3665 | D:6      | Reached **** piety under Trog
  3791 | D:6      | Noticed Eustachio
  3799 | D:6      | Killed Eustachio
  3799 | D:6      | Reached skill level 5 in Dodging
  3961 | D:6      | Reached XP level 9. HP: 82/82 MP: 8/8
  4061 | D:6      | Noticed Nachomamma0's ghost (novice HOFi)
  4067 | D:6      | Killed Nachomamma0's ghost
  4416 | D:7      | Reached skill level 5 in Throwing
  4432 | D:7      | Found a hazy altar of Hepliaklqana.
  4796 | D:7      | Got a translucent hand axe
  4800 | D:7      | Reached ***** piety under Trog
  4814 | D:7      | Identified the +7 hand axe "Guwk" {pain, *Drain rPois rN+ Dex+8} (You found it on level 7 of the Dungeon)
  4964 | D:7      | Found an iron altar of Okawaru.
  5043 | D:8      | Received a gift from Trog
  5355 | D:8      | Found a snail-covered altar of Cheibriados.
  5533 | D:8      | Noticed Grum
  5539 | D:8      | Reached XP level 10. HP: 93/93 MP: 9/9
  5542 | D:8      | Reached skill level 10 in Fighting
  5545 | D:8      | Killed Grum
  6049 | D:8      | Reached skill level 10 in Axes
  6130 | D:8      | Received a gift from Trog
  6540 | D:9      | Found a glowing silver altar of Zin.
  6686 | D:9      | Found a basalt altar of Yredelemnul.
  6781 | D:10     | Entered Level 10 of the Dungeon
  6842 | D:10     | Noticed a cyclops
  6849 | D:10     | Killed a cyclops
  6921 | D:10     | Found a staircase to the Lair.
  7009 | D:10     | Noticed a hill giant
  7012 | D:10     | Noticed Erolcha
  7017 | D:10     | Killed a hill giant
  7017 | D:10     | Received a gift from Trog
  7024 | D:10     | Killed Erolcha
  7024 | D:10     | Reached XP level 11. HP: 102/102 MP: 10/10
  7069 | D:10     | Noticed Urug
  7085 | D:10     | Killed Urug
  7283 | Lair:1   | Entered Level 1 of the Lair of Beasts
  8224 | Lair:2   | Found a staircase to the Snake Pit.
  9010 | Lair:3   | Found a dark tunnel.
  9084 | Lair:3   | Noticed an eight-headed hydra
  9095 | Lair:3   | Killed a 15-headed hydra
  9111 | Lair:3   | Reached ****** piety under Trog
  9691 | Lair:4   | Noticed a four-headed hydra
  9700 | Lair:4   | Killed a seven-headed hydra
  9768 | Lair:4   | Received a gift from Trog
  9913 | Lair:4   | Reached XP level 12. HP: 106/113 MP: 11/11
 10119 | Lair:4   | Found a staircase to the Swamp.
 10219 | Lair:5   | Noticed an eight-headed hydra
 10226 | Lair:5   | Killed a ten-headed hydra
 10279 | Lair:5   | Received a gift from Trog
 10768 | Lair:6   | Entered Level 6 of the Lair of Beasts
 10844 | Lair:6   | Found a runed door.
 10844 | Lair:6   | Found a viscous altar of Jiyva.
 10858 | Lair:6   | Noticed an azure jelly
 10867 | Lair:6   | Found a staircase to the Slime Pits.
 10946 | Lair:6   | Noticed a death yak
 10947 | Lair:6   | Noticed a death yak
 10947 | Lair:6   | Noticed a death yak
 10948 | Lair:6   | Noticed a death yak
 10948 | Lair:6   | Noticed a death yak
 10948 | Lair:6   | Noticed a death yak
 10961 | Lair:6   | Killed a death yak
 10964 | Lair:6   | Slain by a death yak

Skill      XL: |  1  2  3  4  5  6  7  8  9 10 11 12 |
---------------+-------------------------------------+-----
Axes           | 4 6 7 8 9 11 12 13 | 13.1
Fighting       | 4 5 6 7 8 9 11 12 13 | 13.6
Throwing       | 1 2 3 4 5 6 7 |  7.9
Armour         | 3 4 5 6 8 9 |  9.7
Dodging        | 3 4 5 6 7 8 |  8.9

Action                   |  1- 3 |  4- 6 |  7- 9 | 10-12 || total
-------------------------+-------+-------+-------+-------++-------
Melee: Hand axe          |    77 |    62 |   336 |   367 ||   842
       Headbutt          |    18 |    12 |    79 |   117 ||   226
       Battleaxe         |       |       |    11 |       ||    11
Throw: Javelin           |       |     1 |     5 |     9 ||    15
Invok: Berserk           |       |     1 |     3 |     7 ||    11
       Trog's Hand       |       |       |     1 |     2 ||     3
       Burn Spellbooks   |       |       |       |     2 ||     2
Evoke: Wand              |       |       |       |     2 ||     2
  Use: Scroll            |       |     1 |     1 |       ||     2
 Stab: Distracted        |       |       |     1 |       ||     1
  Eat: Chunk             |     3 |     2 |    13 |    24 ||    42
Armor: Animal skin       |    11 |       |       |       ||    11
       Ring mail         |     7 |     3 |       |       ||    10
       Plate armour      |       |    26 |   169 |   169 ||   364
Dodge: Dodged            |    66 |    38 |   194 |   290 ||   588
